Map: Interloper LE

Players

Rengen

  • Race: Protoss Protoss
  • League: Master
  • Spawn Location: 5:00

McMonMEMEroe - Winner!

  • Race: Zerg Zerg
  • League: Master
  • Spawn Location: 11:00

VOD

https://go.twitch.tv/videos/186074637

Description

Time

  • Played on: Oct. 28, 2017, 2 p.m.
  • Length: 8:32
Show
View Real Time Build Order
Export as new Build Order

Rengen Protoss 

Build Orders: Nexus First, Zealot Archon, Dark Templar Rush 

Get SALT Encoding   

  12  0:00  Probe (Chrono Boost)  
  13  0:11  Probe (Chrono Boost)  
  14  0:17  Pylon  
  14  0:22  Probe (Chrono Boost)  
  15  0:36  Probe (Chrono Boost)  
  16  0:46  Probe (Chrono Boost)  
  17  0:59  Nexus  
  17  1:09  Gateway  
  17  1:12  Probe (Chrono Boost)  
  17  1:18  Assimilator  
  18  1:23  Probe (Chrono Boost)  
  18  1:24  Assimilator  
  19  1:33  Probe (Chrono Boost)  
  20  1:44  Gateway  
  20  1:46  Probe (Chrono Boost)  
  21  1:57  Cybernetics Core, Probe (Chrono Boost)  
  22  2:04  Pylon  
  22  2:10  Probe (Chrono Boost)  
  22  2:11  Zealot (Chrono Boost)  
  22  2:14  Probe (Chrono Boost)  
  26  2:21  Probe (Chrono Boost)  
  27  2:24  Probe (Chrono Boost)  
  28  2:30  Probe (Chrono Boost)  
  28  2:33  Stalker (Chrono Boost)  
  28  2:35  Warp Gate  
  31  2:38  Probe  
  31  2:46  Twilight Council, Probe  
  31  2:51  Probe (Chrono Boost)  
  33  2:58  Probe (Chrono Boost)  
  33  3:04  Robotics Facility  
  34  3:06  Probe (Chrono Boost)  
  34  3:09  Probe (Chrono Boost)  
  36  3:17  Probe (Chrono Boost)  
  38  3:20  Probe (Chrono Boost)  
  38  3:21  Pylon  
  38  3:27  Dark Shrine, Probe (Chrono Boost)  
  39  3:36  Gateway  
  39  3:38  Probe (Chrono Boost)  
  40  3:42  Gateway  
  40  3:48  Probe (Chrono Boost)  
  42  3:49  Mothership Core (Chrono Boost)  
  42  3:50  Warp Prism (Chrono Boost)  
  45  3:59  Assimilator, Probe (Chrono Boost)  
  46  4:03  Assimilator  
  46  4:09  Probe (Chrono Boost)  
  48  4:17  Probe (Chrono Boost)  
  48  4:20  Pylon, Probe (Chrono Boost)  
  49  4:24  Observer  
  49  4:25  Charge (Chrono Boost)  
  49  4:28  Probe  
  49  4:31  Pylon, Probe  
  52  4:40  Probe  
  54  4:48  Dark Templar x2  
  54  4:51  Probe  
  58  4:57  Probe  
  59  5:05  Probe  
  60  5:08  Nexus  
  60  5:09  Probe  
  60  5:11  Pylon  
  61  5:18  Immortal  
  61  5:22  Gateway x2  
  61  5:24  Gateway  
  65  5:46  Dark Templar x2  
  65  5:47  Dark Templar x2  
  73  5:53  Gateway  
  73  5:54  Pylon, Gateway, Archon x2  
  73  5:59  Immortal  
  77  6:12  Pylon  
  77  6:13  Pylon x2  
  77  6:24  Archon  
  77  6:27  Dark Templar x3  
  83  6:36  Dark Templar  
  83  6:37  Zealot x3  
  91  6:40  Archon  
  91  6:46  Immortal  
  94  6:47  Archon  
  98  6:55  Zealot x2  
  98  6:59  Zealot x2  
  98  7:00  Zealot  
  105  7:04  Zealot  
  105  7:08  Zealot  
  109  7:09  Dark Templar  
  109  7:13  Dark Templar  
  110  7:19  Probe  
  110  7:21  Probe x2  
  69  7:30  Probe  
  69  7:33  Probe x2  
  69  7:36  Dark Templar  
  74  7:40  Zealot, Probe  
  74  7:42  Zealot  
  77  7:45  Probe  
  77  7:48  Zealot x2  
  73  7:54  Zealot x2  
  68  8:04  Zealot x2  
  69  8:07  Zealot  
  69  8:12  Zealot  
Show
View Real Time Build Order
Export as new Build Order

McMonMEMEroe Zerg - Winner!

Build Orders: Hatch First 

Get SALT Encoding   

  12  0:00  Drone  
  13  0:12  Overlord  
  13  0:17  Drone  
  14  0:31  Drone x2  
  16  0:49  Hatchery  
  15  0:52  Drone  
  15  0:55  Drone  
  17  0:58  Drone  
  18  1:09  Extractor  
  17  1:15  Spawning Pool  
  17  1:17  Drone  
  17  1:20  Drone  
  18  1:28  Drone  
  19  1:39  Drone  
  20  1:49  Overlord  
  20  2:01  Drone, Queen x2  
  21  2:03  Zergling x2  
  26  2:10  Metabolic Boost  
  26  2:11  Zergling x2  
  26  2:13  Drone  
  28  2:22  Drone  
  29  2:24  Drone  
  30  2:34  Drone x2  
  32  2:44  Hatchery  
  32  2:49  Overlord  
  31  2:53  Drone  
  31  2:56  Drone x2  
  34  3:04  Lair  
  34  3:05  Drone  
  35  3:07  Drone  
  35  3:11  Overlord  
  36  3:13  Drone  
  36  3:15  Drone  
  36  3:18  Drone  
  39  3:20  Drone  
  39  3:22  Drone  
  39  3:23  Drone  
  39  3:24  Drone  
  43  3:31  Extractor x2, Drone  
  43  3:33  Drone  
  43  3:39  Drone  
  44  3:42  Queen  
  44  3:46  Drone x5  
  51  3:49  Overlord  
  51  3:57  Overlord  
  51  3:59  Drone  
  52  4:04  Overlord x2  
  52  4:08  Zergling x4, Extractor  
  52  4:09  Overseer  
  53  4:15  Zergling x8  
  56  4:24  Hydralisk Den  
  56  4:28  Zergling x12  
  61  4:32  Drone  
  61  4:35  Drone  
  61  4:37  Drone  
  64  4:40  Drone  
  64  4:45  Drone  
  66  4:48  Drone x3  
  66  4:51  Drone  
  66  4:52  Overlord x3, Drone x2  
  72  4:57  Muscular Augments  
  72  5:00  Hydralisk  
  72  5:06  Hydralisk x2  
  74  5:12  Hydralisk x2  
  80  5:19  Hydralisk  
  80  5:20  Hydralisk x2  
  86  5:23  Hydralisk  
  88  5:33  Hydralisk x2  
  91  5:38  Overlord x2  
  91  5:43  Hydralisk  
  91  5:44  Zergling x2, Hydralisk  
  91  5:45  Zergling x8  
  100  5:50  Overseer  
  100  5:53  Overlord  
  100  5:54  Hydralisk  
  100  5:55  Zergling x6  
  105  5:57  Overlord  
  104  6:07  Hydralisk  
  104  6:08  Hydralisk  
  108  6:21  Hydralisk x3  
  108  6:23  Zergling x10  
  119  6:30  Zergling x4, Hydralisk  
  119  6:31  Zergling x4  
  125  6:36  Hydralisk  
  125  6:37  Zergling x8  
  130  6:43  Hydralisk  
  132  6:53  Hydralisk x2  
  136  7:00  Zergling x2  
  137  7:02  Overlord x5  
  136  7:21  Hydralisk x6  
  121  7:28  Zergling x12  
  125  7:34  Hydralisk  
  126  7:38  Drone  
  126  7:40  Evolution Chamber  
  124  7:45  Hatchery  
  124  7:50  Zergling x18  
  124  7:51  Zergling x2  
  118  8:08  Zergling x14  
Tags
 
Add a new tag
Caveats
  • Supply blocks, unpowered buildings, or Contaminate may cause inaccurate times.
  • Supply counts are checked every 10 seconds.